 Dungeon Crawl Stone Soup version 0.19-a0-1908-g43c011f (webtiles) character file.

31906 Psiweapon the Cruncher (level 13, -2/103 HPs)
             Began as a Formicid Fighter on Oct 22, 2016.
             Was a High Priest of Cheibriados.
             Slain by a death yak (21 damage)
             ... on level 6 of the Lair of Beasts.
             The game lasted 00:57:26 (12509 turns).

Psiweapon the Cruncher (Formicid Fighter)          Turns: 12509, Time: 00:57:27

Health: -2/103     AC:  8    Str: 29    XL:     13   Next: 99%
Magic:  22/31      EV: 18    Int: 26    God:    Cheibriados [*****.]
Gold:   488        SH: 16    Dex: 24    Spells: 3 memorised, 16 levels left

rFire  . . .     SeeInvis +     a - +2 lajatang of Zec Jemu {slice, rPois Str-5 Int+4 Dex+3}
rCold  + . .     Gourm    .     Z - +2 leather armour of Slovenliness {*Corrode rN+ Regen+}
rNeg   + . .     Faith    .     c - +1 shield
rPois  +         Spirit   .     (helmet unavailable)
rElec  .         Reflect  .     O - +2 cloak {MR+}
rCorr  .         Harm     .     X - +2 pair of gloves of Ceataos {rPois MP+9}
MR     ++...                    (no boots)
Stlth  ++........               l - amulet of magic regeneration
                                r - ring of wizardry
                                D - ring of loudness (curse)

@: infused, corroded, very slow
A: permanent stasis, dig shafts and tunnels, four strong arms, antennae 3, cold
resistance 1, high mp 1, regeneration 1, screaming 1
a: Dig, Shaft Self, Bend Time, Temporal Distortion, Slouch, Step From Time,
Renounce Religion


You were on level 6 of the Lair of Beasts.
You worshipped Cheibriados.
Cheibriados was extremely pleased with you.
You were hungry.

You visited 3 branches of the dungeon, and saw 16 of its levels.

You collected 788 gold pieces.
You spent 300 gold pieces at shops.

Inventory:

Hand Weapons
 a - the +2 lajatang of Zec Jemu (weapon) {slice, rPois Str-5 Int+4 Dex+3}
   (You acquired it on level 3 of the Lair of Beasts)

   It inflicts extra damage upon your enemies.
   It affects your strength (-5).
   It affects your intelligence (+4).
   It affects your dexterity (+3).
   It protects you from poison.
 b - a +0 fustibalus
 s - a +2 quarterstaff
Missiles
 g - 169 sling bullets
 k - 5 javelins of penetration (quivered)
 q - 4 javelins
Armour
 c - a +1 shield (worn)
 B - a +1 robe of cold resistance
 O - a +2 cloak of magic resistance (worn)
 X - the +2 pair of gloves of Ceataos (worn) {rPois MP+9}
   (You bought it in a shop on level 9 of the Dungeon)

   It protects you from poison.
   It affects your magic capacity (+9).
 Z - the +2 leather armour of Slovenliness (worn) {*Corrode rN+ Regen+}
   (You took it off an orc wizard on level 9 of the Dungeon)

   It protects you from negative energy.
   It increases your rate of regeneration.
   It may corrode you when you take damage.
Magical Staves
 I - an uncursed staff of cold
Rods
 G - a +0 rod of shadows (14/14)
   (You found it on level 2 of the Lair of Beasts)
Jewellery
 i - an uncursed ring of resist corrosion
 l - an amulet of magic regeneration (around neck)
 n - an uncursed amulet of guardian spirit
 r - a ring of wizardry (right hand)
 w - an uncursed ring of stealth
 D - a cursed ring of loudness (left hand)
 H - an uncursed ring of magical power
 M - an uncursed ring of fire
 P - an uncursed ring of protection from cold
 U - an uncursed ring of protection from magic
 W - an uncursed ring of flight
Wands
 x - a wand of enslavement (16/24)
 y - a wand of digging (8/24)
 E - a wand of paralysis (14/24)
 N - a wand of iceblast (7/15)
 Y - a wand of polymorph (12/24)
Scrolls
 j - 2 scrolls of recharging
 o - 5 scrolls of enchant armour
 p - 8 scrolls of magic mapping
 t - a scroll of fear
 u - 2 scrolls of fog
 v - a scroll of holy word {unknown}
 T - a scroll of identify
 V - a scroll of remove curse
Potions
 d - 3 potions of might
 e - 6 potions of lignification {unknown}
 m - a potion of berserk rage {unknown}
 C - 2 potions of cure mutation {unknown}
 F - 4 potions of curing {unknown}
 K - a potion of flight {unknown}
 Q - a potion of brilliance {unknown}
 S - 2 potions of agility {unknown}
Comestibles
 f - 10 bread rations
 h - 11 fruits
 z - a royal jelly
 A - 6 meat rations
 J - 20 chunks of flesh
 R - a beef jerky


   Skills:
 + Level 10.2 Fighting
   Level 1.2(8.5) Maces & Flails
 + Level 12.8(12.9) Staves
 + Level 3.1(3.4) Slings
 + Level 1.9(2.6) Throwing
 + Level 8.0 Armour
 + Level 6.6 Dodging
 + Level 4.0 Stealth
 + Level 12.4 Shields
 + Level 5.0 Spellcasting
 + Level 4.2 Charms
 + Level 2.5 Necromancy
 + Level 2.5 Invocations


You had 16 spell levels left.
You knew the following spells:

 Your Spells              Type           Power        Failure   Level  Hunger
a - Infusion              Chrm           ####         1%          1    None
b - Song of Slaying       Chrm           ####....     1%          2    None
c - Regeneration          Chrm/Necr      ###.......   3%          3    #......


Dungeon Overview and Level Annotations

Branches:
Dungeon (9/15)             Temple (1/1) D:5            Lair (6/6) D:9
  Swamp (0/4) Lair:2       Spider (0/4) Lair:2        Slime (0/5) Lair:6
    Orc: D:9-12

Altars:
Ashenzari
Cheibriados
Dithmenos
Elyvilon
Fedhas
Gozag
Hepliaklqana
Kikubaaqudgha
Makhleb
Nemelex Xobeh
Okawaru
Qazlal
Ru
Sif Muna
Trog
Uskayaw
Vehumet
Xom
Yredelemnul
Zin
The Shining One

Shops:
D:7 =   D:9 }(*(

Annotations:
D:4 exclusion: downstairs


Innate Abilities, Weirdness & Mutations

You are under a permanent stasis effect.
You can dig through walls and to a lower floor.
Your four strong arms can wield two-handed weapons with a shield.
You have a pair of large antennae on your head. (SInv)
Your flesh is cold resistant. (rC+)
You have an increased reservoir of magic. (+10% MP)
Your natural rate of healing is unusually fast.
You occasionally shout uncontrollably at your foes.


Message History

You feel much better. You block the death yak's attack.
The death yak gores you!!
* * * LOW HITPOINT WARNING * * *
You slice the death yak!!
The death yak is heavily wounded.
The death yak gores you.
* * * LOW HITPOINT WARNING * * *
The death yak gores you but does no damage.
You feel much better. You block the death yak's attack.
The death yak gores you.
You slice the death yak!!
The death yak is almost dead.
Your skin stops crawling.
The death yak gores you!!
* * * LOW HITPOINT WARNING * * *
You slash the death yak!
You kill the death yak!
Cheibriados appreciates the change of pace.
The death yak gores you!!
You die...

♣♣........%....#....##
.♣♣......#.?..#.#....##
♣♣............#.P.....##
♣..............PP......#
♣♣........<...!........
♣.......................
♣♣..........#......#....
♣♣.........###....#.....
................@.......
................Y†......
..##...........>.......#
.......................#
.................##...#.
...........###...# #..#
...#.......# ..... ....
#####....H ...... ...
#..


You could see a death yak.

Vanquished Creatures
  Fannar (Lair:2)
  3 hydras
  10 death yaks
  The ghost of Kaname the Conjurer, a novice HEWn of Vehumet (D:7)
  Maurice (D:8)
  Psyche (D:9)
  2 black mambas
  9 spiny frogs
  A rime drake (Lair:5)
  The ghost of Psiweapon the Sneak, a novice OpTm of Cheibriados (D:6)
  6 komodo dragons
  A polar bear (Lair:3)
  A jumping spider (Lair:2)
  A slime creature (Lair:6)
  7 blink frogs
  Prince Ribbit (D:6)
  12 dream sheep
  7 hippogriffs
  A wyvern (Lair:5)
  Eustachio (D:6)
  27 yaks
  3 basilisks
  A hungry ghost (D:9)
  13 water moccasins
  A swamp drake (Lair:2)
  An ice beast (D:6)
  5 porcupines
  A black bear (D:6)
  An orc warrior (D:6)
  3 ogres
  A centaur (D:8)
  7 crocodiles
  12 wolves
  A wyvern zombie (D:8)
  14 bullfrogs
  A wyvern skeleton (D:7)
  3 scorpions
  4 wights (D:9)
  An electric eel (Lair:2)
  A howler monkey (D:9)
  A bullfrog zombie (D:5)
  2 lava snakes (Lair:3)
  3 crimson imps
  5 jellies
  3 hounds
  Crazy Yiuf (D:6)
  3 orc priests
  A centaur skeleton (D:5)
  8 iguanas
  3 orc wizards
  6 worker ants
  2 killer bee zombies
  A hound skeleton (D:7)
  A howler monkey skeleton (D:4)
  A worker ant zombie (D:8)
  7 adders
  2 oozes
  2 adder zombies (D:5)
  3 worms
  2 dart slugs
  7 leopard geckos
  11 orcs
  7 giant cockroaches
  9 hobgoblins
  7 jackals
  9 kobolds
  5 quokkas
  2 ball pythons
  6 bats
  2 frilled lizards (D:2)
  9 goblins
  A jackal skeleton (D:4)
  A quokka zombie (D:7)
  15 rats
  2 plants
319 creatures vanquished.

Vanquished Creatures (others)
  An iguana (Lair:2)
  18 fungi
  2 plants
21 creatures vanquished.

Grand Total: 340 creatures vanquished

Notes
Turn   | Place    | Note
-------+----------+-------------------------------------------
     0 | D:1      | Psiweapon the Formicid Fighter began the quest for the Orb.
     0 | D:1      | Reached XP level 1. HP: 18/18 MP: 1/1
   168 | D:1      | Reached XP level 2. HP: 22/24 MP: 2/2
   273 | D:2      | Reached XP level 3. HP: 22/30 MP: 3/3
   661 | D:2      | Reached XP level 4. HP: 34/37 MP: 1/4
   783 | D:2      | Found a faded altar of an unknown god.
  1462 | D:1      | Reached XP level 5. HP: 38/42 MP: 5/5
  1940 | D:5      | Entered Level 5 of the Dungeon
  2274 | D:4      | Gained mutation: Your natural rate of healing is unusually fast. [potion of mutation]
  2274 | D:4      | Gained mutation: You occasionally shout uncontrollably at your foes. [potion of mutation]
  2274 | D:4      | Gained mutation: You have an increased reservoir of magic. (+10% MP) [potion of mutation]
  2279 | D:4      | Reached skill level 1 in Dodging
  2279 | D:4      | Reached XP level 6. HP: 19/48 MP: 1/6
  2389 | D:4      | Noticed an ogre
  2395 | D:4      | Killed an ogre
  2395 | D:4      | Reached skill level 5 in Shields
  2636 | D:5      | Reached XP level 7. HP: 55/55 MP: 7/7
  2742 | D:5      | Found a staircase to the Ecumenical Temple.
  2749 | Temple   | Entered the Ecumenical Temple
  2784 | Temple   | Became a worshipper of Cheibriados the Contemplative
  2994 | D:6      | Noticed Psiweapon's ghost (novice OpTm)
  3018 | D:6      | Killed Psiweapon's ghost
  3018 | D:6      | Reached skill level 5 in Fighting
  3018 | D:6      | Reached skill level 5 in Staves
  3128 | D:5      | Reached XP level 8. HP: 60/62 MP: 8/8
  3892 | D:6      | Found a runed door.
  3896 | D:6      | Noticed Crazy Yiuf
  3906 | D:6      | Killed Crazy Yiuf
  4007 | D:6      | Noticed Eustachio
  4050 | D:6      | Killed Eustachio
  4050 | D:6      | Reached skill level 5 in Armour
  4365 | D:6      | Reached skill level 1 in Stealth
  4365 | D:6      | Reached XP level 9. HP: 45/69 MP: 6/10
  4376 | D:6      | Reached * piety under Cheibriados
  4451 | D:6      | Noticed Prince Ribbit
  4462 | D:6      | Killed Prince Ribbit
  4874 | D:7      | Found Moxzer's Jewellery Boutique.
  5235 | D:7      | Noticed Kaname's ghost (novice HEWn)
  5250 | D:7      | Killed Kaname's ghost
  5250 | D:7      | Reached skill level 1 in Throwing
  5286 | D:7      | Noticed a hippogriff
  5297 | D:7      | Killed a hippogriff
  5462 | D:7      | Reached skill level 1 in Invocations
  5462 | D:7      | Reached XP level 10. HP: 58/77 MP: 8/11
  5515 | D:8      | Reached ** piety under Cheibriados
  5641 | D:8      | Noticed Maurice
  5654 | D:8      | Killed Maurice
  6511 | D:9      | Found Kudutz's Assorted Antiques.
  6521 | D:9      | Found a staircase to the Lair.
  6554 | D:9      | Bought a pair of spiked gloves for 228 gold pieces
  6564 | D:9      | Identified the +2 pair of gloves of Ceataos {rPois MP+9} (You bought it in a shop on level 9 of the Dungeon)
  6566 | D:9      | Bought a scroll labeled SOACLA NEVI EXT for 24 gold pieces
  6566 | D:9      | Bought a scroll labeled SOACLA NEVI EXT for 24 gold pieces
  6566 | D:9      | Bought a scroll labeled VUJOJYRAICH for 24 gold pieces
  6597 | D:9      | Reached skill level 1 in Maces & Flails
  6750 | D:9      | Learned a level 1 spell: Infusion
  6817 | D:9      | Reached *** piety under Cheibriados
  6918 | D:9      | Found Goikheam's Weapon Shoppe.
  6960 | D:9      | Noticed Psyche
  6983 | D:9      | Killed Psyche
  7028 | D:9      | Found Nedum's Weapon Shoppe.
  7064 | D:9      | Found Jauc's Gadget Shop.
  7068 | D:9      | Found a basalt altar of Yredelemnul.
  7105 | D:9      | Got an encrusted leather armour
  7106 | D:9      | Identified the +2 leather armour of Slovenliness {*Corrode rN+ Regen+} (You took it off an orc wizard on level 9 of the Dungeon)
  7135 | Lair:1   | Entered Level 1 of the Lair of Beasts
  7201 | D:9      | Reached XP level 11. HP: 84/84 MP: 13/13
  7589 | Lair:1   | Reached skill level 10 in Shields
  7638 | Lair:1   | Noticed an eight-headed hydra
  7647 | Lair:1   | Killed an eight-headed hydra
  7647 | Lair:1   | Reached skill level 10 in Staves
  7906 | Lair:1   | Reached **** piety under Cheibriados
  7939 | Lair:1   | Learned a level 2 spell: Song of Slaying
  7943 | Lair:1   | Learned a level 3 spell: Regeneration
  8334 | Lair:2   | Reached skill level 5 in Dodging
  8397 | Lair:2   | Reached skill level 1 in Spellcasting
  8397 | Lair:2   | Reached skill level 1 in Charms
  8730 | Lair:2   | Found a hole to the Spider Nest.
  8733 | Lair:2   | Found a staircase to the Swamp.
  8778 | Lair:2   | Identified a +0 rod of shadows (14/14) (You found it on level 2 of the Lair of Beasts)
  8863 | Lair:2   | Noticed Fannar
  8903 | Lair:2   | Killed Fannar
  8903 | Lair:2   | Reached XP level 12. HP: 93/93 MP: 13/16
  9387 | Lair:3   | Identified a scroll of acquirement
  9390 | Lair:3   | Got a steaming lajatang
  9391 | Lair:3   | Identified the +2 lajatang of Zec Jemu {slice, rPois Str-5 Int+4 Dex+3} (You acquired it on level 3 of the Lair of Beasts)
  9936 | Lair:3   | Reached ***** piety under Cheibriados
 10229 | Lair:4   | Reached skill level 1 in Slings
 10281 | Lair:4   | Noticed a five-headed hydra
 10292 | Lair:4   | Killed a five-headed hydra
 10437 | Lair:4   | Noticed an eight-headed hydra
 10448 | Lair:4   | Killed an eight-headed hydra
 10448 | Lair:4   | Reached skill level 1 in Necromancy
 11400 | Lair:5   | Reached XP level 13. HP: 52/101 MP: 16/20
 12324 | Lair:6   | Entered Level 6 of the Lair of Beasts
 12329 | Lair:6   | Reached skill level 10 in Fighting
 12434 | Lair:6   | Gained mutation: Your flesh is cold resistant. (rC+) [potion of beneficial mutation]
 12473 | Lair:6   | Found a staircase to the Slime Pits.
 12494 | Lair:6   | Reached skill level 5 in Spellcasting
 12509 | Lair:6   | Slain by a death yak

Vault maps used:
D:1:      minmay_arrival_checkered_box, moated_statue
D:2:      first_bread, ecumenical_altar_1
D:4:      amethyst_killhole
D:6:      uniq_crazy_yiuf_cottage, uniq_eustachio, uniq_prince_ribbit1
D:7:      serial_shops, shop
D:8:      uniq_maurice
D:9:      due_lair_maze_entry_diamond, serial_shops, shop, kennysheep_mini_moat,
          nicolae_shop_trees, nicolae_shop_trees, basic_altar, uniq_psyche
Temple:   nicolae_temple_the_god_donut
Lair:1:   grunt_megastairs_2
Lair:2:   minmay_swamp_entry_reptiles, spider_nest_entry_rubble, st_stairs_13,
          infiniplex_staircase_pool_2, serial_bayou_shore_b,
          serial_bayou_shore_a, uniq_fannar
Lair:3:   grunt_forest_stairs_basic, disabler_island
Lair:4:   lemuel_fruit_fields, serial_bayou_shore_b
Lair:5:   serial_bayou_shore_b, grunt_megastairs_1, serial_bayou_shore_b
Lair:6:   evil_forest, minmay_slime_entry_pillars, guppyfry_lair_drakes,
          lemuel_fruit_fields, lemuel_fruit_tree

Skill      XL: |  1  2  3  4  5  6  7  8  9 10 11 12 13 |
---------------+----------------------------------------+-----
Shields        | 4 5 6 7 9 11 12 | 12.4
Staves         | 3 4 5 6 7 9 10 11 12 | 12.8
Fighting       | 4 5 6 7 8 9 10 | 10.2
Armour         | 4 5 6 7 8 |  8.0
Dodging        | 1 2 3 4 5 6 |  6.6
Stealth        | 1 2 3 4 |  4.0
Throwing       | 1 |  1.9
Invocations    | 1 2 |  2.5
Maces & Flails | 1 |  1.2
Spellcasting   | 2 3 5 |  5.0
Charms         | 1 3 4 |  4.2
Slings         | 2 3 |  3.1
Necromancy     | 1 2 |  2.5

Action                   |  1- 3 |  4- 6 |  7- 9 | 10-12 | 13-15 || total
-------------------------+-------+-------+-------+-------+-------++-------
Melee: Quarterstaff      |    72 |   231 |   305 |   472 |       ||  1080
       Great mace        |       |       |       |    21 |       ||    21
       Whip              |       |       |       |     5 |       ||     5
       Lajatang          |       |       |       |   130 |   168 ||   298
 Fire: Fustibalus        |       |       |       |    26 |    11 ||    37
Throw: Javelin           |       |     1 |     3 |     5 |     1 ||    10
 Cast: Infusion          |       |       |       |    26 |    10 ||    36
       Regeneration      |       |       |       |    10 |     8 ||    18
       Song of Slaying   |       |       |       |     6 |     5 ||    11
Invok: Bend Time         |       |       |     2 |     2 |       ||     4
       Slouch            |       |       |       |     1 |     3 ||     4
 Abil: Dig               |       |       |     2 |     7 |       ||     9
  Use: Potion            |       |     3 |     2 |       |     4 ||     9
       Scroll            |       |     6 |     2 |    10 |     1 ||    19
 Stab: Distracted        |       |     1 |     1 |       |       ||     2
       Sleeping          |       |       |       |     2 |       ||     2
  Eat: Chunk             |       |     6 |     9 |    14 |     3 ||    32
       Beef jerky        |       |       |       |     1 |       ||     1
Armor: Scale mail        |    18 |    99 |   104 |    54 |       ||   275
       Leather armour    |       |       |       |    71 |    27 ||    98
Dodge: Dodged            |    19 |    69 |   122 |   267 |    84 ||   561
Block: Shield            |    29 |   123 |   187 |   446 |   132 ||   917
